NCAA
WEST VIRGINIA MOUNTAINEERS @ TEXAS CHRISTIAN HORNED FROGS
04/09/2028
 
TOP OF THE 1ST
West Virginia Mountaineers batting - Pitching for Texas Christian Horned Frogs : RHP Millard Ashe
Pitching: RHP Millard Ashe
Batting: RHB Víctor León 0-0: Called Strike
0-1: Ball
1-1: Foul Ball, location: 2F
1-2: Foul Ball, location: 2F
1-2: Foul Ball, location: 2F
1-2: Ball
2-2: SINGLE (Groundball, 5D)
Batting: SHB Karl Webster 0-0: Called Strike
0-1: Foul Ball, location: 2F
0-2: Ball
1-2: Ball
2-2: Ball
3-2: Base on Balls
Víctor León to second
Batting: RHB Bobby Ivey 0-0: Called Strike
0-1: Grounds into double play, 4-6-3 (Groundball, 4M)
Víctor León to third
Batting: RHB Tom Fisher 0-0: Called Strike
0-1: Called Strike
0-2: Ball
1-2: Ball
2-2: Fly out, F8 (Flyball, 8LD)
Top of the 1st over - 0 run(s), 1 hit(s), 0 error(s), 1 left on base; West Virginia 0 - Texas Christian 0
BOTTOM OF THE 1ST
Texas Christian Horned Frogs batting - Pitching for West Virginia Mountaineers : RHP Dale Jordan
Pitching: RHP Dale Jordan
Batting: RHB Eric Adams 0-0: Foul Ball, location: 2F
0-1: Swinging Strike
0-2: Ball
1-2: Foul Ball, location: 2F
1-2: SINGLE (Line Drive, 6MD)
Batting: RHB Jeff Byford 0-0: Ball
1-0: Called Strike
1-1: Ball
2-1: Swinging Strike
2-2: Fly out, F8 (Flyball, 8LM)
Batting: RHB Brad Ravenshaw 0-0: Called Strike
0-1: Ball
1-1: Foul Ball, location: 2F
1-2: Ground out 5-3 (Groundball, 56)
Eric Adams to second
Batting: SHB Ron Winston 0-0: Ball
1-0: Foul Ball, location: 2F
1-1: Fly out, F7 (Flyball, 78D)
Bottom of the 1st over - 0 run(s), 1 hit(s), 0 error(s), 1 left on base; West Virginia 0 - Texas Christian 0
TOP OF THE 2ND
West Virginia Mountaineers batting - Pitching for Texas Christian Horned Frogs : RHP Millard Ashe
Batting: RHB David Randall 0-0: Ball
1-0: Foul Ball, location: 2F
1-1: Called Strike
1-2: Single, Error in OF, E7, batter to second base
Batting: RHB Dennis Kelly 0-0: Ball
1-0: Ground out 6-3 (Groundball, 6)
Batting: SHB George Howell 0-0: Ball
1-0: Ball
2-0: Called Strike
2-1: Ball
3-1: Foul Ball, location: 2F
3-2: Base on Balls
Batting: LHB Jeremy Howard 0-0: Ball
1-0: Ball
2-0: Ball
3-0: Base on Balls
David Randall to third
George Howell to second
Batting: SHB Darrel Harris 0-0: Ball
1-0: Foul Ball, location: 2F
1-1: Hit by Pitch
David Randall scores
George Howell to third
Jeremy Howard to second
Batting: RHB Víctor León 0-0: Called Strike
0-1: Ball
1-1: Swinging Strike
1-2: Strikes out swinging
Batting: SHB Karl Webster 0-0: Ball
1-0: Foul Ball, location: 2F
1-1: SINGLE (Groundball, 4MD)
George Howell scores
Jeremy Howard to third
Darrel Harris to second
Runner from 3rd tries for Home, SAFE, no throw
Batting: RHB Bobby Ivey 0-0: Ball
1-0: Called Strike
1-1: Ball
Balk!
Darrel Harris to third
Karl Webster to second
2-1: Fly out, F2 (Popup, 56S)
Top of the 2nd over - 3 run(s), 2 hit(s), 1 error(s), 2 left on base; West Virginia 3 - Texas Christian 0
BOTTOM OF THE 2ND
Texas Christian Horned Frogs batting - Pitching for West Virginia Mountaineers : RHP Dale Jordan
Batting: RHB Stan Webb 0-0: Called Strike
0-1: Ball
1-1: Reached on error, E9 (Flyball, 9S)
Batting: LHB Axel Hall 0-0: Ball
1-0: Foul Ball, location: 2F
1-1: Foul Ball, location: 2F
1-2: Ball
2-2: Ball
3-2: Base on Balls
Stan Webb to second
Batting: RHB Eric Schroeder 0-0: Called Strike
0-1: Called Strike
0-2: Strikes out swinging
Batting: RHB Parker Gonzáles 0-0: Called Strike
0-1: Foul Ball, location: 2F
0-2: Fly out, F9 (Line Drive, 9)
Runner from 2nd tags up, OUT at 3rd
Bottom of the 2nd over - 0 run(s), 0 hit(s), 1 error(s), 1 left on base; West Virginia 3 - Texas Christian 0
TOP OF THE 3RD
West Virginia Mountaineers batting - Pitching for Texas Christian Horned Frogs : RHP Millard Ashe
Batting: RHB Tom Fisher 0-0: Ball
1-0: Called Strike
1-1: Foul Ball, location: 2F
1-2: Strikes out swinging
Batting: RHB David Randall 0-0: Foul Ball, location: 2F
0-1: Foul Ball, location: 2F
0-2: Ball
1-2: Foul Ball, location: 2F
1-2: Ball
2-2: Foul Ball, location: 2F
2-2: Strikes out looking
Batting: RHB Dennis Kelly 0-0: Called Strike
0-1: Ball
1-1: Ball
2-1: SINGLE (Groundball, 4MD)
Batting: SHB George Howell 0-0: Fly out, F5 (Popup, 56)
Top of the 3rd over - 0 run(s), 1 hit(s), 0 error(s), 1 left on base; West Virginia 3 - Texas Christian 0
BOTTOM OF THE 3RD
Texas Christian Horned Frogs batting - Pitching for West Virginia Mountaineers : RHP Dale Jordan
Batting: SHB Pete Fields 0-0: Ball
1-0: Called Strike
1-1: Swinging Strike
1-2: Ball
2-2: Ball
3-2: Base on Balls
Batting: RHB Eric Adams 0-0: Foul Ball, location: 2F
0-1: Called Strike
0-2: Ball
1-2: Ball
2-2: 2-RUN HOME RUN (Flyball, 7D), Distance : 411 ft
Batting: RHB Jeff Byford 0-0: Foul Ball, location: 2F
0-1: Ball
1-1: Ball
2-1: Ball
3-1: Base on Balls
Batting: RHB Brad Ravenshaw 0-0: Ball
1-0: Ball
2-0: SINGLE (Groundball, 4MD)
Jeff Byford to second
Batting: SHB Ron Winston 0-0: Foul Ball, location: 2F
0-1: Foul Ball, location: 2F
0-2: Ball
1-2: Foul Ball, location: 2F
1-2: Ground out U3 (Groundball, 3S)
Jeff Byford to third
Brad Ravenshaw to second
Batting: RHB Stan Webb 0-0: Ball
1-0: Foul Ball, location: 2F
1-1: Foul Ball, location: 2F
1-2: SINGLE (Line Drive, 78M)
Jeff Byford scores
Brad Ravenshaw to third
Batting: LHB Axel Hall 0-0: Called Strike
0-1: SINGLE (Line Drive, 78M)
Brad Ravenshaw scores
Stan Webb to second
Batting: RHB Eric Schroeder 0-0: Called Strike
0-1: Ball
1-1: Ball
2-1: Fly out, F2 (Popup, 25)
Batting: RHB Parker Gonzáles 0-0: Called Strike
0-1: Fly out, F7 (Line Drive, 7LM)
Bottom of the 3rd over - 4 run(s), 4 hit(s), 0 error(s), 2 left on base; West Virginia 3 - Texas Christian 4
TOP OF THE 4TH
West Virginia Mountaineers batting - Pitching for Texas Christian Horned Frogs : RHP Millard Ashe
Batting: LHB Jeremy Howard 0-0: Ball
1-0: Ball
2-0: Ball
3-0: Called Strike
3-1: Foul Ball, location: 2F
3-2: Base on Balls
Batting: SHB Darrel Harris 0-0: Fly out, F6 (Popup, 6D)
Batting: RHB Víctor León 0-0: Ball
1-0: Foul Ball, location: 2F
1-1: Ball
2-1: Ball
3-1: Base on Balls
Jeremy Howard to second
Batting: SHB Karl Webster 0-0: Ball
1-0: Called Strike
1-1: Swinging Strike
1-2: Ball
2-2: Strikes out swinging
Pitching: RHP Max Shepard
Batting: RHB Bobby Ivey 0-0: Fly out, F6 (Popup, 56)
Top of the 4th over - 0 run(s), 0 hit(s), 0 error(s), 2 left on base; West Virginia 3 - Texas Christian 4
BOTTOM OF THE 4TH
Texas Christian Horned Frogs batting - Pitching for West Virginia Mountaineers : RHP Dale Jordan
Batting: SHB Pete Fields 0-0: Foul Ball, location: 2F
0-1: Ball
1-1: Ball
2-1: Swinging Strike
2-2: Hit by Pitch
Batting: RHB Eric Adams 0-0: Ball
1-0: Foul Ball, location: 2F
1-1: DOUBLE (Line Drive, 8LD)
Pete Fields to third
Batting: RHB Jeff Byford 0-0: Ball
1-0: Foul Ball, location: 2F
1-1: Ball
2-1: DOUBLE (Line Drive, 7LM)
Pete Fields scores
Eric Adams scores
Pitching: LHP Josh Fritz
Batting: RHB Brad Ravenshaw 0-0: Ball
1-0: Ball
2-0: Ball
3-0: Foul Ball, location: 2F
3-1: Foul Ball, location: 2F
3-2: Foul Ball, location: 2F
3-2: Base on Balls
Batting: SHB Ron Winston 0-0: Called Strike
0-1: Ball
1-1: Foul Ball, location: 2F
1-2: Ball
2-2: Fly out, F7 (Flyball, 7)
Batting: RHB Stan Webb 0-0: Ball
1-0: Ball
2-0: Ball
3-0: Called Strike
3-1: Base on Balls
Jeff Byford to third
Brad Ravenshaw to second
Batting: LHB Axel Hall 0-0: Ball
1-0: Called Strike
1-1: Foul Ball, location: 2F
1-2: Strikes out swinging
Batting: RHB Eric Schroeder 0-0: Ball
1-0: Called Strike
1-1: Called Strike
1-2: Strikes out looking
Bottom of the 4th over - 2 run(s), 2 hit(s), 0 error(s), 3 left on base; West Virginia 3 - Texas Christian 6
TOP OF THE 5TH
West Virginia Mountaineers batting - Pitching for Texas Christian Horned Frogs : RHP Max Shepard
Batting: RHB Tom Fisher 0-0: Ball
1-0: Called Strike
1-1: Foul Ball, location: 2F
1-2: Strikes out swinging
Batting: RHB David Randall 0-0: Ball
1-0: Foul Ball, location: 2F
1-1: Foul Ball, location: 2F
1-2: Foul Ball, location: 2F
1-2: Strikes out looking
Batting: RHB Dennis Kelly 0-0: SINGLE (Line Drive, 5)
Batting: SHB George Howell 0-0: Ball
Dennis Kelly steals 2nd base
1-0: Ball
Wild Pitch!
Dennis Kelly to third
2-0: Ball
Passed Ball!
Dennis Kelly scores
3-0: Swinging Strike
3-1: Foul Ball, location: 2F
3-2: Foul Ball, location: 2F
3-2: Base on Balls
Batting: LHB Jeremy Howard 0-0: Ball
1-0: Ball
2-0: Ball
3-0: Base on Balls
George Howell to second
Batting: SHB Darrel Harris 0-0: Ball
1-0: DOUBLE (Groundball, 3L)
George Howell scores
Jeremy Howard to third
Batting: RHB Víctor León 0-0: Fly out, F8 (Flyball, 8RS)
Top of the 5th over - 2 run(s), 2 hit(s), 0 error(s), 2 left on base; West Virginia 5 - Texas Christian 6
BOTTOM OF THE 5TH
Texas Christian Horned Frogs batting - Pitching for West Virginia Mountaineers : LHP Josh Fritz
Batting: RHB Parker Gonzáles 0-0: Ball
1-0: Ground out 6-3 (Groundball, 6)
Batting: SHB Pete Fields 0-0: Ball
1-0: Ball
2-0: Ball
3-0: Called Strike
3-1: Base on Balls
Batting: RHB Eric Adams 0-0: Ball
Pete Fields steals 2nd base
Balk!
Pete Fields to third
1-0: Foul Ball, location: 2F
1-1: Ball
2-1: SINGLE (Groundball, 6MD)
Pete Fields scores
Batting: RHB Jeff Byford 0-0: Called Strike
0-1: Called Strike
0-2: Foul Ball, location: 2F
0-2: Ball
1-2: Ball
2-2: Fielders Choice at 2nd, 4-6 (Groundball, 4)
Batting: RHB Brad Ravenshaw 0-0: Called Strike
0-1: Ball
1-1: Swinging Strike
1-2: Ball
2-2: Ball
3-2: Base on Balls
Jeff Byford to second
Batting: SHB Ron Winston 0-0: Ball
1-0: Ball
2-0: Called Strike
2-1: Foul Ball, location: 2F
2-2: Ball
3-2: SINGLE (Groundball, 56D)
Jeff Byford to third
Brad Ravenshaw to second
Jeff Byford scores
Brad Ravenshaw to third
Batting: RHB Stan Webb 0-0: Ball
1-0: DOUBLE (Line Drive, 78M)
Brad Ravenshaw scores
Ron Winston to third
Pitching: RHP Jason Callahan
Batting: LHB Axel Hall 0-0: Ground out 5-3 (Groundball, 56D)
Bottom of the 5th over - 3 run(s), 3 hit(s), 0 error(s), 2 left on base; West Virginia 5 - Texas Christian 9
TOP OF THE 6TH
West Virginia Mountaineers batting - Pitching for Texas Christian Horned Frogs : RHP Max Shepard
Pitching: RHP Dick Davis
Batting: SHB Karl Webster 0-0: Ball
1-0: Ball
2-0: Foul Ball, location: 2F
2-1: Ground out 3-1 (Groundball, 34)
Batting: RHB Bobby Ivey 0-0: Called Strike
0-1: Ball
1-1: Called Strike
1-2: Ball
2-2: SINGLE (Flyball, 7LS)
Batting: RHB Tom Fisher 0-0: Called Strike
0-1: Fly out, F8 (Line Drive, 8LD)
Batting: RHB David Randall 0-0: Swinging Strike
0-1: Ball
1-1: Foul Ball, location: 2F
1-2: Ball
2-2: Strikes out swinging
Top of the 6th over - 0 run(s), 1 hit(s), 0 error(s), 1 left on base; West Virginia 5 - Texas Christian 9
BOTTOM OF THE 6TH
Texas Christian Horned Frogs batting - Pitching for West Virginia Mountaineers : RHP Jason Callahan
Batting: RHB Eric Schroeder 0-0: Called Strike
0-1: Ball
1-1: Ground out 6-3 (Groundball, 6)
Batting: RHB Parker Gonzáles 0-0: Foul Ball, location: 2F
0-1: Foul Ball, location: 2F
0-2: Ball
1-2: Strikes out looking
Batting: SHB Pete Fields 0-0: Ball
1-0: Foul Ball, location: 2F
1-1: Ball
2-1: Foul Ball, location: 2F
2-2: Ball
3-2: Foul Ball, location: 2F
3-2: Strikes out swinging
Bottom of the 6th over - 0 run(s), 0 hit(s), 0 error(s), 0 left on base; West Virginia 5 - Texas Christian 9
TOP OF THE 7TH
West Virginia Mountaineers batting - Pitching for Texas Christian Horned Frogs : RHP Dick Davis
Batting: RHB Dennis Kelly 0-0: Ball
1-0: Foul Ball, location: 2F
1-1: Ball
2-1: Ball
3-1: Ground out 6-3 (Groundball, 6)
Batting: SHB George Howell 0-0: Ball
1-0: Ball
2-0: Called Strike
2-1: Ball
3-1: SINGLE (Groundball, 34D)
Batting: LHB Jeremy Howard 0-0: Fielders Choice at 2nd, 4-6 (Groundball, 4)
Batting: SHB Darrel Harris 0-0: Ball
1-0: Ball
2-0: Ball
3-0: Called Strike
3-1: Base on Balls
Jeremy Howard to second
Batting: RHB Víctor León 0-0: Ball
1-0: Ball
2-0: Ball
3-0: Called Strike
3-1: Base on Balls
Jeremy Howard to third
Darrel Harris to second
Batting: SHB Karl Webster 0-0: Called Strike
0-1: Swinging Strike
0-2: Strikes out looking
Top of the 7th over - 0 run(s), 1 hit(s), 0 error(s), 3 left on base; West Virginia 5 - Texas Christian 9
BOTTOM OF THE 7TH
Texas Christian Horned Frogs batting - Pitching for West Virginia Mountaineers : RHP Jason Callahan
Batting: RHB Eric Adams 0-0: SINGLE (Line Drive, 4M)
Batting: RHB Jeff Byford 0-0: Ball
Eric Adams is caught stealing 2nd base
1-0: Called Strike
1-1: Ball
2-1: Foul Ball, location: 2F
2-2: SINGLE (Flyball, 78S)
Batting: RHB Brad Ravenshaw 0-0: Ball
1-0: Foul Ball, location: 2F
1-1: Fly out, F8 (Flyball, 8RM)
Batting: SHB Ron Winston 0-0: Ball
1-0: Called Strike
1-1: Ball
2-1: Called Strike
2-2: Strikes out swinging
Bottom of the 7th over - 0 run(s), 2 hit(s), 0 error(s), 1 left on base; West Virginia 5 - Texas Christian 9
TOP OF THE 8TH
West Virginia Mountaineers batting - Pitching for Texas Christian Horned Frogs : RHP Dick Davis
Batting: RHB Bobby Ivey 0-0: Ball
1-0: Called Strike
1-1: DOUBLE (Line Drive, 7LM)
Batting: RHB Tom Fisher 0-0: Called Strike
0-1: Foul Ball, location: 2F
0-2: Ball
1-2: Foul Ball, location: 2F
1-2: Ball
2-2: Reached on error, E5 (Groundball, 56)
Bobby Ivey to third
Batting: RHB David Randall 0-0: Fly out, F9 (Flyball, 9S)
Batting: RHB Dennis Kelly 0-0: Swinging Strike
0-1: Called Strike
0-2: SINGLE (Groundball, 6MD)
Bobby Ivey scores
Tom Fisher to second
Pitching: LHP Joe Roberts
Batting: SHB George Howell 0-0: Called Strike
0-1: Ball
1-1: Swinging Strike
1-2: Foul Ball, location: 2F
1-2: Strikes out swinging
Batting: LHB Jeremy Howard 0-0: Called Strike
0-1: Called Strike
0-2: Strikes out swinging
Top of the 8th over - 1 run(s), 2 hit(s), 1 error(s), 2 left on base; West Virginia 6 - Texas Christian 9
BOTTOM OF THE 8TH
Texas Christian Horned Frogs batting - Pitching for West Virginia Mountaineers : RHP Jason Callahan
Batting: RHB Stan Webb 0-0: Ball
1-0: Ball
2-0: Called Strike
2-1: Ball
3-1: Base on Balls
Batting: LHB Axel Hall 0-0: Called Strike
0-1: Ball
1-1: Ball
Wild Pitch!
Stan Webb to second
2-1: Ball
3-1: Swinging Strike
3-2: Foul Ball, location: 2F
3-2: DOUBLE (Line Drive, 7LM)
Stan Webb scores
Batting: RHB Eric Schroeder 0-0: Intentional Walk
Batting: RHB Parker Gonzáles 0-0: Bunted foul
0-1: Bunted foul
0-2: Ball
1-2: Fly out, F1 (Line Drive, 13)
Batting: SHB Pete Fields 0-0: Hit by Pitch
Axel Hall to third
Eric Schroeder to second
Batting: RHB Eric Adams 0-0: Swinging Strike
0-1: Ball
1-1: Ball
2-1: Swinging Strike
2-2: Strikes out swinging
Pitching: LHP Will Merritt
Batting: RHB Jeff Byford 0-0: Foul Ball, location: 2F
0-1: Fielders Choice at 2nd, 6-4 (Groundball, 6)
Bottom of the 8th over - 1 run(s), 1 hit(s), 0 error(s), 2 left on base; West Virginia 6 - Texas Christian 10
TOP OF THE 9TH
West Virginia Mountaineers batting - Pitching for Texas Christian Horned Frogs : LHP Joe Roberts
Batting: SHB Darrel Harris 0-0: Foul Ball, location: 2F
0-1: Called Strike
0-2: Ball
1-2: Strikes out looking
Batting: RHB Víctor León 0-0: Ball
1-0: Swinging Strike
1-1: Foul Ball, location: 2F
1-2: SINGLE (Line Drive, 6D)
Batting: SHB Karl Webster 0-0: Ball
1-0: Called Strike
1-1: Ball
2-1: Fielders Choice at 2nd, 6-4 (Groundball, 6)
Batting: RHB Bobby Ivey 0-0: Ball
1-0: Called Strike
1-1: Ball
2-1: Called Strike
2-2: Foul Ball, location: 2F
2-2: Strikes out swinging
Top of the 9th over - 0 run(s), 1 hit(s), 0 error(s), 1 left on base; West Virginia 6 - Texas Christian 10
Tuesday, August 8th, 2017 - OOTP Baseball 17.12 Build 75